 Dungeon Crawl Stone Soup version 0.32-a0-986-ga09f62fbf4 (webtiles) character file.

Game seed: 4140793229372668352

60 protoss039 the Digger (level 3, -1/27 HPs)
             Began as a Demonspawn Earth Elementalist on Apr 21, 2024.
             Slain by Sigmund
             ... wielding a +0 scythe
              (11 damage)
             ... on level 2 of the Dungeon.
             The game lasted 00:02:31 (1641 turns).

protoss039 the Digger (DsEE)                        Turns: 1641, Time: 00:02:31

Health: -1/27      AC:  4    Str:  8    XL:     3   Next: 82%
Magic:  1/7        EV: 11    Int: 17    God:
Gold:   88         SH:  0    Dex: 13    Spells: 0/7 levels left

rFire   . . .        c - +0 dagger
rCold   . . .        (no shield)
rNeg    . . .        a - +0 robe
rPois   .            (no helmet)
rElec   .            h - +0 cloak
rCorr   .            (no gloves)
SInv    .            (no boots)
Will    .....        (no amulet)
Stlth   ++           (no ring)
HPRegen 0.24/turn    (no ring)
MPRegen 0.10/turn

%: no passive effects
@: no status effects
A: sharp scales 1
a: no special abilities


You were on level 2 of the Dungeon.
You visited 1 branch of the dungeon, and saw 2 of its levels.

You collected 88 gold pieces.

Inventory:

Hand Weapons
 c - a +0 dagger (weapon)
Armour
 a - a +0 robe (worn)
 h - a +0 cloak (worn)
Scrolls
 d - 2 scrolls of noise {unknown}
 e - 4 scrolls of identify {unknown}
Potions
 b - a potion of magic
 f - a potion of curing {unknown}
 g - a potion of ambrosia {unknown}


   Skills:
 + Level 2.0 Fighting
 - Level 1.7 Dodging
 - Level 1.7 Stealth
 + Level 2.7 Spellcasting
 - Level 1.0 Conjurations
 + Level 3.3 Earth Magic


You couldn't memorise any spells.
You knew the following spells:

 Your Spells              Type           Power      Damage    Failure   Level
a - Sandblast             Erth           26%        2d8       4%          1
b - Passwall              Erth           13%        N/A       14%         3
c - Stone Arrow           Conj/Erth      18%        3d8       22%         3

Your spell library contained the following spells:

 Spells                   Type           Power      Damage    Failure   Level
 Frozen Ramparts          Ice            4%         1d1       47%         3
 Ozocubu's Armour         Ice            2%         N/A       47%         3
 Brom's Barrelling Bould  Conj/Erth      9%         2d3       58%         4
 Petrify                  Alch/Erth      7%         N/A       65%         4
 Metabolic Englaciation   Hex/Ice        1%         N/A       99%         5


Dungeon Overview and Level Annotations

Branches:
Dungeon (2/15) Zot: 10332

Altars:

Annotations:
D:2 Robin, Sigmund


Innate Abilities, Weirdness & Mutations

You are partially covered in razor-sharp scales. (AC +1, Slay +1)


Message History

Unknown command.
Casting: Sandblast (safe; 4% risk of failure)
Confirm with . or Enter, or press ? or * to list all spells.
Aiming: Sandblast (safe; 4% risk of failure)
Press: ? - help, Shift-Dir - straight line, f/p - Sigmund
Aim: Sigmund, wielding a +0 scythe, wearing a +0 robe and carrying a wand of flame (lightly wounded, 80% to hit)
The blast of sand hits Sigmund!
Sigmund is heavily wounded.
The goblin unwields a +0 club.
The goblin wields a +0 sling.
The goblin shoots a sling bullet.
The sling bullet hits you.
Sigmund zaps a wand.
The puff of flame hits you!
Unknown command.
Casting: Sandblast (safe; 4% risk of failure)
Confirm with . or Enter, or press ? or * to list all spells.
Aiming: Sandblast (safe; 4% risk of failure)
Press: ? - help, Shift-Dir - straight line, f/p - Sigmund
Aim: Sigmund, wielding a +0 scythe, wearing a +0 robe and carrying a wand of flame (heavily wounded, 80% to hit)
The blast of sand hits Sigmund but does no damage.
Sigmund is heavily wounded.
The goblin shoots a sling bullet.
The sling bullet hits you.
Sigmund gestures wildly while chanting.
Sigmund flickers and vanishes!
Deactivating autopickup; reactivate with Ctrl-A.
Casting: Sandblast (safe; 4% risk of failure)
Confirm with . or Enter, or press ? or * to list all spells.
Aiming: Sandblast (safe; 4% risk of failure)
Press: ? - help, Shift-Dir - straight line, f - you That would be overly suicidal.
Okay, then.
Unknown command.
Casting: Sandblast (safe; 4% risk of failure)
Confirm with . or Enter, or press ? or * to list all spells.
Aiming: Sandblast (safe; 4% risk of failure)
Press: ? - help, Shift-Dir - straight line The blast of sand hits something.
You hear a zap.
A puff of flame appears from out of thin air!
The puff of flame hits you.
The goblin shoots a sling bullet.
The sling bullet hits you. Something hits you!
You die...

...# ...##.♣♣~~~.. ...#
..#...~~~~....
...########......~♣g.P..
...##..... ..P....♣P...
........# ......P....
#.##..#.# .........#
#.#...#.# #+#P♣.{.......
#.#.#.#.## #............
.....(...# #.#.@.......
#.#.#.#<## #.#.###....# #.
.........####.#.# ...#...
#.#.#.#.#.....#.# .......
.........####.#.####...#.##
#.#.#.#.## #....##...h....
.........# #......h.......
#.#.#.#.## #.#..####..#...
#.#####.# #.#..# ..# #


You could see a goblin.

Vanquished Creatures
  An adder (D:2)
  A ribbon worm (D:2)
  A dart slug (D:1)
  4 bats
  6 endoplasms
  6 giant cockroaches (D:1)
  3 goblins (D:1)
  3 hobgoblins (D:1)
  6 jackals (D:2)
  3 kobolds
  A quokka (D:1)
  A ball python (D:1)
  2 frilled lizards (D:2)
  2 rats (D:1)
40 creatures vanquished.

Notes
Turn   | Place    | Note
-------+----------+-------------------------------------------
     0 | D:1      | protoss039 the Demonspawn Earth Elementalist began the
                  | quest for the Orb.
     0 | D:1      | Reached XP level 1. HP: 13/13 MP: 3/3
   153 | D:1      | Gained mutation: You are partially covered in razor-sharp
                  | scales. (AC +1, Slay +1) [demonic ancestry]
   153 | D:1      | Reached XP level 2. HP: 19/20 MP: 3/5
   317 | D:1      | Reached skill level 1 in Fighting
   441 | D:1      | Reached skill level 3 in Earth Magic
   777 | D:1      | Reached XP level 3. HP: 26/26 MP: 6/6
  1085 | D:1      | Learned a level 3 spell: Passwall
  1132 | D:2      | Noticed Robin
  1302 | D:2      | Noticed Sigmund
  1320 | D:1      | Learned a level 3 spell: Stone Arrow
  1641 | D:2      | Slain by Sigmund

Illustrated notes

Levels and vault maps discovered:
D:1:      minmay_arrival_stair_chambers, layout_loops_ring, minmay_3d_cube
D:2:      layout_basic, st_stairs_9, hex_large, serial_bayou_pond_a,
          mrwooster_statue_mirror, uniq_sigmund, uniq_robin

Skill      XL: |  1  2  3 |
---------------+----------+-----
Fighting       | 1 2 |  2.0
Earth Magic    | 3 |  3.3
Dodging        | |  1.7
Stealth        | |  1.7
Spellcasting   | |  2.7
Conjurations   | |  1.0

Action                     || total
---------------------------++-------
  Melee: Dagger            ||    52
   Cast: Sandblast         ||    51
   Stab: Sleeping          ||     2
 Armour: Robe              ||    67
  Dodge: Dodged            ||    58

Table legend: (Time is in decaauts)
 A = Elapsed time spent in this place.
 B = Non-inter-level travel time spent in this place.
 C = Inter-level travel time spent in this place.
 D = Time resting spent in this place.
 E = Time spent auto-exploring this place.
 F = Levels seen in this place.
 G = Mean time per level.
                   A        B        C        D        E       F      G
               +--------+--------+--------+--------+--------+-----+--------+
         Total |   1666 |   1515 |    151 |     82 |   1129 |   2 |  833.0 |
       Dungeon |   1666 |   1515 |    151 |     82 |   1129 |   2 |  833.0 |
               +--------+--------+--------+--------+--------+-----+--------+

Top non-repeatable levels by time:
     D:1: 1204 daAuts
     D:2: 461 daAuts
